 Dungeon Crawl Stone Soup version 0.22.1-2-g9c5b331 (webtiles) character file.

529 Matador8 the Cutter (level 7, -3/54 HPs)
             Began as a Human Wanderer on Dec 18, 2018.
             Was an Initiate of Nemelex Xobeh.
             Killed from afar by Blork the orc (5 damage)
             ... with a magic dart
             ... on level 5 of the Dungeon.
             The game lasted 00:27:14 (4264 turns).

Matador8 the Cutter (Human Wanderer)                Turns: 4264, Time: 00:27:14

Health: -3/54      AC:  6    Str: 16    XL:     7   Next: 48%
Magic:  9/9        EV: 11    Int: 13    God:    Nemelex Xobeh [......]
Gold:   177        SH:  0    Dex: 12    Spells: 5/6 levels left

rFire    + . .     SeeInvis .   a - +2 short sword
rCold    . . .     Gourm    .   (no shield)
rNeg     . . .     Faith    .   s - +1 leather armour of Muad {+Fly rF+ Int+2}
rPois    .         Spirit   .   (no helmet)
rElec    .         Reflect  .   (no cloak)
rCorr    .         Harm     .   (no gloves)
MR       .....                  o - +1 pair of boots
Stlth    ++........             (no amulet)
HPRegen  0.18/turn              (no ring)
MPRegen  0.11/turn              (no ring)

@: no status effects
A: no striking features
a: Renounce Religion, Evoke Flight


You were on level 5 of the Dungeon.
You worshipped Nemelex Xobeh.
Nemelex Xobeh was noncommittal.
You were hungry.

You visited 2 branches of the dungeon, and saw 6 of its levels.

You collected 177 gold pieces.

Inventory:

Hand Weapons
 a - a +2 short sword (weapon)
 b - a +3 falchion
 e - a +0 dagger
Missiles
 h - 55 arrows
 n - 37 poisoned needles (quivered)
 t - 73 bolts
Armour
 d - a +0 plate armour
 o - a +1 pair of boots (worn)
 s - the +1 leather armour of Muad (worn) {+Fly rF+ Int+2}
   (You found it on level 4 of the Dungeon)

   It affects your intelligence (+2).
   It protects you from fire.
   It lets you fly.
Jewellery
 q - an uncursed ring of resist corrosion {unknown}
Wands
 u - a wand of disintegration (14)
Scrolls
 i - 3 scrolls of identify
 j - a scroll of enchant weapon {unknown}
 l - 2 scrolls of remove curse
 p - a scroll of immolation {unknown}
 r - 7 scrolls of teleportation
 w - 2 scrolls of enchant armour {unknown}
 y - a scroll of amnesia {unknown}
 z - a scroll of blinking {unknown}
Potions
 c - 2 potions of lignification
 g - 2 potions of agility {unknown}
 k - 2 potions of curing {unknown}
 m - a potion of degeneration {unknown}
 v - a potion of haste {unknown}
Miscellaneous
 x - a plain deck of summoning
Comestibles
 f - 6 rations


   Skills:
 - Level 4.2 Fighting
 - Level 4.3(4.7) Short Blades
 + Level 2.5(3.8) Long Blades
 - Level 1.1 Throwing
 - Level 1.0 Dodging
 - Level 4.0 Stealth
   Level 1.0 Shields
 - Level 2.4 Necromancy
 + Level 2.8 Invocations


You had 5 spell levels left.
You knew the following spells:

 Your Spells              Type           Power        Failure   Level  Hunger
a - Animate Skeleton      Necr           N/A          14%         1    ##.....

Your spell library contained the following spells:

 Spells                   Type           Power        Failure   Level  Hunger
 Apportation              Tloc           #.....       36%         1    ##.....
 Confusing Touch          Hex            #.....       36%         1    ##.....
 Summon Small Mammal      Summ           #...         36%         1    ##.....


Dungeon Overview and Level Annotations

Branches:
Dungeon (5/15)             Temple (1/1) D:4

Altars:
Cheibriados
Elyvilon
Fedhas
Gozag
Kikubaaqudgha
Makhleb
Nemelex Xobeh
Okawaru
Qazlal
Ru
Sif Muna
Uskayaw
Vehumet
Wu Jian
Xom
Yredelemnul
Zin
The Shining One

Shops:
D:4 [

Annotations:
D:5 Blork the orc


Message History

The puff of flame misses you.
You hit Blork the orc.
Blork the orc is severely wounded.
Blork the orc hits you with a trident.
* * * LOW HITPOINT WARNING * * *
You hit Blork the orc.
Blork the orc is severely wounded.
Blork the orc points at you and mumbles some strange words.
The magic dart hits you!
* * * LOW HITPOINT WARNING * * *
Blork the orc mumbles some strange words.
Blork the orc flickers and vanishes!
Deactivating autopickup; reactivate with Ctrl-A.
Something hits you.
* * * LOW HITPOINT WARNING * * *
You see here 8 gold pieces.
A magic dart appears from out of thin air!
The magic dart hits you!
You die...
Your body disappears without a glow.

#. # #a# . #.# .#
#.# ###.## . #.#
.....##
..#####.###.......
.........<....#
........@....##
.......$#.....#
#..####.####......
#.# #...## #l#
..## .$. .# .....
! #####.. .. #.#


You could see an iguana and a worker ant (sleeping).

Vanquished Creatures
  An ice beast (D:4)
  An ogre (D:4)
  A scorpion (D:4)
  A hound (D:5)
  A bullfrog skeleton (D:4)
  An iguana (D:4)
  3 worker ants (D:4)
  4 adders
  An ooze (D:1)
  An adder zombie (D:5)
  6 worms
  6 dart slugs
  2 leopard geckos
  3 orcs
  8 giant cockroaches
  4 goblins
  6 hobgoblins
  10 jackals
  A quokka (D:2)
  2 ball pythons (D:2)
  7 bats
  5 frilled lizards
  6 kobolds
  9 rats
90 creatures vanquished.

Notes
Turn   | Place    | Note
-------+----------+-------------------------------------------
     0 | D:1      | Matador8 the Human Wanderer began the quest for the Orb.
     0 | D:1      | Matador8 set off with: a +2 short sword, a scroll of
                  | teleportation, a potion of lignification, a +0 robe, a +0
                  | dagger, a ration
     0 | D:1      | Reached XP level 1. HP: 18/18 MP: 1/1
    41 | D:1      | Reached XP level 2. HP: 23/24 MP: 2/2
   193 | D:1      | Reached XP level 3. HP: 24/29 MP: 3/3
   978 | D:2      | Reached XP level 4. HP: 33/37 MP: 4/4
  1762 | D:2      | Reached XP level 5. HP: 36/42 MP: 5/5
  1913 | D:2      | Found a burning altar of Makhleb.
  1913 | D:2      | Found a radiant altar of Vehumet.
  2184 | D:3      | Reached skill level 1 in Throwing
  2214 | D:3      | Learned a level 1 spell: Animate Skeleton
  2532 | D:3      | Found an ornate altar of the Wu Jian Council.
  2532 | D:3      | Found an iron altar of Okawaru.
  2798 | D:4      | Noticed an ice beast
  2847 | D:4      | Reached skill level 1 in Necromancy
  2980 | D:4      | Reached XP level 6. HP: 24/48 MP: 6/6
  3259 | D:4      | Got a polished leather armour
  3399 | D:4      | Noticed an ogre
  3402 | D:4      | Found a staircase to the Ecumenical Temple.
  3445 | Temple   | Entered the Ecumenical Temple
  3702 | Temple   | Became a worshipper of Nemelex Xobeh the Trickster
  3744 | Temple   | Identified the cursed +1 leather armour of Muad {+Fly rF+
                  | Int+2} (You found it on level 4 of the Dungeon)
  3807 | D:4      | Received a gift from Nemelex Xobeh
  3881 | D:4      | Killed an ogre
  3881 | D:4      | Reached skill level 1 in Long Blades
  3881 | D:4      | Reached skill level 1 in Invocations
  3881 | D:4      | Reached XP level 7. HP: 41/54 MP: 6/8
  3933 | D:4      | Found Weho's Armour Boutique.
  4221 | D:5      | Entered Level 5 of the Dungeon
  4243 | D:5      | Noticed Blork the orc
  4262 | D:5      | HP: 2/54 [something (4)]
  4264 | D:5      | Killed from afar by Blork the orc

Skill      XL: |  1  2  3  4  5  6  7 |
---------------+----------------------+-----
Short Blades   | 2 3 4 |  4.3
Fighting       | 4 |  4.2
Throwing       | 1 |  1.1
Necromancy     | 1 2 |  2.4
Long Blades    | 1 2 |  2.5
Invocations    | 1 2 |  2.8
Dodging        | |  1.0
Stealth        | |  4.0
Shields        | |  1.0

Action                   |  1- 3 |  4- 6 |  7- 9 || total
-------------------------+-------+-------+-------++-------
Melee: Short sword       |   117 |   214 |    14 ||   345
       Falchion          |       |     7 |    28 ||    35
 Cast: Animate Skeleton  |       |     2 |       ||     2
  Use: Scroll            |       |     2 |       ||     2
 Stab: Sleeping          |     6 |     4 |     1 ||    11
  Eat: Chunk             |       |     7 |       ||     7
       Ration            |       |     1 |       ||     1
Armor: Robe              |    44 |    24 |       ||    68
       Leather armour    |       |    20 |     9 ||    29
Dodge: Dodged            |    80 |    97 |    21 ||   198
       Rpst.: Falchion   |       |     2 |     5 ||     7
